 Dungeon Crawl Stone Soup version 0.30.0-29-ga12c61a403 (webtiles) character file.

Game seed: 3208759466356252988

247 FallenXxXSky the Chopper (level 5, -8/38 HPs)
             Began as a Demonspawn Warper on June 26, 2023.
             Was an Initiate of Makhleb.
             Killed by nerve-wracking pain
             ... invoked by an orc priest
              (11 damage)
             ... on level 5 of the Dungeon.
             The game lasted 00:04:48 (3005 turns).

FallenXxXSky the Chopper (Demonspawn Warper)        Turns: 3005, Time: 00:04:51

Health: -8/38      AC: 15    Str: 11 (13) XL:     5   Next: 85%
Magic:  9/9        EV:  2    Int: 13 (15) God:    Makhleb [......]
Gold:   171        SH:  0    Dex:  9 (12) Spells: 10/10 levels left

rFire   . . .        p - +0 war axe
rCold   . . .        (no shield)
rNeg    . . .        k - +0 plate armour
rPois   .            (no helmet)
rElec   .            h - +0 cloak
rCorr   .            (no gloves)
SInv    .            (no boots)
Will    .....        (no amulet) Stlth
                     f - +4 ring of protection
HPRegen 0.26/turn    (no ring)
MPRegen 0.11/turn

%: no passive effects
@: brilliant, attractive
A: demonic magic 1
a: Renounce Religion


You were on level 5 of the Dungeon.
You worshipped Makhleb.
Makhleb was noncommittal.
You visited 2 branches of the dungeon, and saw 6 of its levels.

You collected 171 gold pieces.

Inventory:

Hand Weapons
 p - a +0 war axe (weapon)
Missiles
 d - 5 boomerangs of dispersal (quivered)
 q - a throwing net
Armour
 h - a +0 cloak (worn)
 k - a +0 plate armour (worn)
Jewellery
 f - a +4 ring of protection (left hand)
Scrolls
 b - a scroll of fog {unknown}
 c - 3 scrolls of blinking
 g - a scroll of teleportation {unknown}
 i - 3 scrolls of identify
 l - 2 scrolls of immolation {unknown}
 m - 2 scrolls of noise {unknown}
 n - 2 scrolls of enchant armour
 r - a scroll of poison {unknown}
Potions
 a - a potion of haste
 o - a potion of degeneration


   Skills:
 - Level 2.1 Fighting
 * Level 3.7 Axes
 + Level 2.3 Throwing
 - Level 1.1 Armour
 - Level 1.7 Dodging
 + Level 3.0 Spellcasting
 + Level 3.5 Translocations


You had 10 spell levels left.
You didn't know any spells.
Your spell library contained the following spells:

 Spells                   Type           Power      Damage    Failure   Level
 Slow                     Hex            8%         N/A       100%        1
 Blink                    Tloc           32%        N/A       100%        2
 Lesser Beckoning         Tloc           32%        N/A       100%        2
 Confusing Touch          Hex            2%         N/A       100%        3
 Teleport Other           Tloc           16%        N/A       100%        3
 Vampiric Draining        Necr           2%         2d6       100%        3
 Vhi's Electric Charge    Tloc/Air       18%        N/A       100%        3
 Manifold Assault         Tloc           16%        N/A       100%        4


Dungeon Overview and Level Annotations

Branches:
Dungeon (5/15)             Temple (1/1) D:4

Altars:
Cheibriados
Dithmenos
Hepliaklqana
Makhleb
Nemelex Xobeh
Okawaru
Qazlal
Ru
Trog
Xom

Shops:
D:2 :

Annotations:
D:3 Grinder
D:4 Dowan, Duvessa, Eustachio


Innate Abilities, Weirdness & Mutations

Spells you cast may paralyse adjacent enemies.


Message History

You hear some strange, mumbled words.
Something tries to affect you, but you resist.
The adder bites you but does no damage. Something is attracted toward you.
The adder attacks as you move away! The adder bites you but does no damage.
The adder is attracted toward you.
You miss the adder.
The adder is lightly wounded.
You hit the orc wizard. You closely miss something.
The adder bites you but does no damage. Something hits you but does no damage.
The orc wizard gestures at you while chanting.
The magic dart hits you but does no damage.
The adder bites you but does no damage.
You closely miss the adder.
The adder is lightly wounded.
You miss the orc wizard. You miss something.
Something hits you but does no damage.
The orc priest invokes the aid of Beogh against you.
Beogh smites you!
* * * LOW HITPOINT WARNING * * *
The adder bites you but does no damage. x2
The orc priest miscasts a cantrip.
The adder barely misses you.
It was a potion of degeneration.
There was something very wrong with that liquid.
You feel weakened.
You feel dopey.
You feel clumsy.
The adder bites you but does no damage. x2
Something hits you but does no damage.
The orc wizard hits you but does no damage.
You are too confused!
You bump into the rock wall.
The adder bites you but does no damage. x2
Something hits you.
* * * LOW HITPOINT WARNING * * *
The orc wizard hits you but does no damage.
You bump into the rock wall.
You feel less confused.
The adder bites you but does no damage. x2
Something hits you but does no damage.
The orc priest mumbles some strange prayers to Beogh against you.
Pain shoots through your body!
You die...

#. ###.########
#..........#........#.
#..........#..........
####..........#..........
..............# .........
#....o.....# #........
#...).S....# .... ...
#..oS@o....####.###...
#...#######.............
#.#. #............. .. .
#.......†..... o .
#............. o.
+...........#.
#........##.#
.......).....#.#
..##########.# #


You could see an orc priest, an orc wizard, 2 adders and an orc.

Vanquished Creatures
  2 hounds
  An iguana (D:5)
  Natasha (D:4)
  Terence (D:3)
  4 gnolls
  An adder (D:5)
  An ufetubus (D:4)
  A worm (D:2)
  2 dart slugs
  2 orcs (D:5)
  3 bats
  2 endoplasms (D:3)
  5 giant cockroaches
  6 goblins
  5 hobgoblins
  5 jackals
  2 quokkas
  2 ball pythons
  2 frilled lizards (D:2)
  2 kobolds
  4 rats
54 creatures vanquished.

Notes
Turn   | Place    | Note
-------+----------+-------------------------------------------
     0 | D:1      | FallenXxXSky the Demonspawn Warper began the quest for the
                  | Orb.
     0 | D:1      | Reached XP level 1. HP: 16/16 MP: 3/3
   274 | D:1      | Reached skill level 1 in Throwing
   516 | D:1      | Reached skill level 1 in Armour
   603 | D:1      | Gained mutation: Spells you cast may paralyse adjacent
                  | enemies. [demonic ancestry]
   603 | D:1      | Reached XP level 2. HP: 22/22 MP: 5/5
  1558 | D:2      | Identified the +2 short sword of Subjectivity {antimagic,
                  | rF- rC++ Dex+2}
  1594 | D:2      | Found Sokhaite's Book Shoppe.
  1702 | D:1      | Reached XP level 3. HP: 20/27 MP: 6/6
  2074 | D:3      | Noticed Grinder
  2082 | D:3      | Paralysed by Grinder for 3 turns
  2286 | D:3      | Reached XP level 4. HP: 31/33 MP: 7/7
  2299 | D:3      | Noticed Terence
  2317 | D:3      | Killed Terence
  2633 | D:4      | Found a staircase to the Ecumenical Temple.
  2656 | Temple   | Entered the Ecumenical Temple
  2707 | Temple   | Became a worshipper of Makhleb the Destroyer
  2764 | D:4      | Reached XP level 5. HP: 29/38 MP: 7/9
  2866 | D:4      | Noticed Duvessa
  2868 | D:4      | Noticed Dowan
  2869 | D:4      | Noticed Eustachio
  2869 | D:4      | Noticed Natasha
  2885 | D:4      | Killed Natasha
  2900 | D:5      | Entered Level 5 of the Dungeon
  3005 | D:5      | Killed from afar by an orc priest

Illustrated notes

Levels and vault maps discovered:
D:1:      saegor_arrival_simple_c, layout_basic
D:2:      layout_loops_corners, serial_shops, nicolae_shop_peninsula,
          st_stairs_8, grunt_ministairs_3
D:3:      layout_basic, grunt_temple_overflow_holy_war,
          kennysheep_generic_room_15, uniq_grinder, uniq_terence
D:4:      layout_rooms, minmay_temple_entry_sparse_star, serial_shops,
          nicolae_shop_real_fake_doors, minmay_manual_mess, uniq_duvessa,
          uniq_natasha, uniq_eustachio
D:5:      layout_basic, lemuel_crystal_altar
Temple:   dshaligram_water_room_temple

Skill      XL: |  1  2  3  4  5 |
---------------+----------------+-----
Throwing       | 1 2 |  2.3
Axes           | 2 3 |  3.7
Armour         | 1 |  1.1
Translocations | 3 |  3.5
Spellcasting   | 3 |  3.0
Fighting       | |  2.1
Dodging        | |  1.7

Action                     |  1- 3 |  4- 6 || total
---------------------------+-------+-------++-------
  Melee: Hand axe          |    68 |       ||    68
         Punch             |     1 |       ||     1
         War axe           |    53 |   119 ||   172
  Throw: Boomerang         |       |     2 ||     2
    Use: Scroll            |     1 |       ||     1
         Potion            |       |     4 ||     4
 Armour: Ring mail         |     9 |       ||     9
         Leather armour    |     7 |       ||     7
         Plate armour      |   101 |   181 ||   282
  Dodge: Dodged            |    40 |    21 ||    61
